 Dungeon Crawl Stone Soup version 0.19-a0-1834-g6b7851e (webtiles) character file.

345 junb69 the Skirmisher (level 6, -5/45 HPs)
             Began as an Octopode Fighter on Oct 8, 2016.
             Was an Initiate of Okawaru.
             Slain by an ogre
             ... wielding a +0 giant spiked club
              (24 damage)
             ... on level 7 of the Dungeon.
             The game lasted 00:07:56 (3630 turns).

junb69 the Skirmisher (Octopode Fighter)            Turns: 3630, Time: 00:07:56

Health: -5/45      AC:  1    Str: 15    XL:     6   Next: 58%
Magic:  6/6        EV: 12    Int: 11    God:    Okawaru [......]
Gold:   219        SH:  8    Dex: 13    Spells: 0 memorised, 5 levels left

rFire  + . .     SeeInvis .     a - +0 long sword
rCold  . . .     Gourm    .     b - +0 shield
rNeg   . . .     Faith    .     (helmet restricted)
rPois  .         Spirit   .     (no amulet)
rElec  .         Dismiss  .     l - ring of wizardry
rCorr  .         Reflect  .     p - ring of protection from fire
MR     .....     Harm     .     u - ring of flight
Stlth  ++........               (no ring)
                                (no ring)
                                (no ring)
                                (no ring)
                                (no ring)

@: no status effects
A: almost no armour, stealthy swim, amphibious, 8 rings, constrict 8, camouflage
1, gelatinous body 1
a: Renounce Religion, Evoke Flight


You were on level 7 of the Dungeon.
You worshipped Okawaru.
Okawaru was noncommittal.
You were not hungry.

You visited 2 branches of the dungeon, and saw 6 of its levels.

You collected 219 gold pieces.

Inventory:

Hand Weapons
 a - a +0 long sword (weapon)
Armour
 b - a +0 shield (worn)
Jewellery
 l - a ring of wizardry (left tentacle)
 p - a ring of protection from fire (right tentacle)
 u - a ring of flight (on tentacle)
Scrolls
 e - 3 scrolls of remove curse {unknown}
 g - 3 scrolls of noise {unknown}
 i - 2 scrolls of enchant weapon {unknown}
 m - 2 scrolls of identify {unknown}
 n - 2 scrolls of recharging {unknown}
 o - a scroll of amnesia {unknown}
 s - a scroll of fear {unknown}
 v - a scroll of fog {unknown}
 x - a scroll of immolation {unknown}
Potions
 c - a potion of berserk rage {unknown}
 j - a potion of magic {unknown}
 k - a potion of resistance {unknown}
 r - 2 potions of cancellation
 t - a potion of heal wounds {unknown}
 w - a potion of haste {unknown}
 z - a potion of degeneration {unknown}
Comestibles
 d - 5 bread rations
 f - a beef jerky
 h - 9 chunks of flesh
 q - 2 meat rations


   Skills:
 * Level 5.5 Fighting
 * Level 4.8 Long Blades
 - Level 3.0 Dodging
 - Level 3.0 Shields


You had 5 spell levels left.
You didn't know any spells.

Dungeon Overview and Level Annotations

Branches:
Dungeon (4/15)             Temple (1/1) D:4

Altars:
Ashenzari
Cheibriados
Dithmenos
Elyvilon
Fedhas
Gozag
Hepliaklqana
Kikubaaqudgha
Makhleb
Nemelex Xobeh
Okawaru
Qazlal
Ru
Sif Muna
Trog
Uskayaw
Vehumet
Xom
Yredelemnul
Zin
The Shining One

Annotations:
D:3 GameOver's ghost, amateur OpTm


Innate Abilities, Weirdness & Mutations

You cannot wear most types of armour.
You are very stealthy in the water. (Stealth+)
You are amphibious.
You can wear up to eight rings at the same time.
You can use your tentacles to constrict eight enemies at once.
Your skin changes colour to match your surroundings (Stealth+).
Your rubbery body absorbs attacks. (AC +1, EV +1)


Message History

The ogre shouts!
You hear a shout!
Something hits the fungus!!
You hit the ogre.
The ogre is lightly wounded.
The ogre hits you with a giant spiked club!
Something hits the fungus!
You barely miss the ogre.
The ogre is lightly wounded.
Something hits the fungus!!
The fungus is destroyed!
The ogre hits you with a giant spiked club!
It was a potion of cancellation.
You feel magically purged.
You hit the ogre.
The ogre is moderately wounded.
The ogre misses you.
You hit the ogre but do no damage. Your squeeze misses the ogre.
The ogre is moderately wounded.
The ogre hits you with a giant spiked club!!
Ouch! That really hurt!
You die...

# #.
.###
.P#
#O#
###P##
#.O@.#
##P###
##


You could see 2 ogres.

Vanquished Creatures
  An ogre (D:4)
  2 orc wizards
  2 gnolls (D:2)
  10 adders
  An ooze (D:1)
  3 worms
  A dart slug (D:3)
  3 leopard geckos
  7 orcs
  3 ball pythons
  7 bats
  6 giant cockroaches
  10 goblins
  8 hobgoblins
  4 jackals
  4 frilled lizards
  7 kobolds
  5 rats
84 creatures vanquished.

Vanquished Creatures (others)
  A fungus (D:7)
1 creature vanquished.

Grand Total: 85 creatures vanquished

Notes
Turn   | Place    | Note
-------+----------+-------------------------------------------
     0 | D:1      | junb69 the Octopode Fighter began the quest for the Orb.
     0 | D:1      | Reached XP level 1. HP: 16/16 MP: 1/1
    93 | D:1      | Reached XP level 2. HP: 19/21 MP: 2/2
   328 | D:1      | Reached XP level 3. HP: 27/27 MP: 3/3
   925 | D:2      | Reached skill level 4 in Fighting
   925 | D:2      | Reached XP level 4. HP: 33/33 MP: 4/4
  1106 | D:2      | Found a faded altar of an unknown god.
  1555 | D:3      | Reached XP level 5. HP: 38/38 MP: 5/5
  1756 | D:3      | Noticed GameOver's ghost (amateur OpTm)
  2393 | D:3      | Reached skill level 5 in Fighting
  3001 | D:4      | Noticed an ogre
  3010 | D:4      | Killed an ogre
  3010 | D:4      | Reached XP level 6. HP: 45/45 MP: 6/6
  3209 | D:4      | Found a staircase to the Ecumenical Temple.
  3278 | Temple   | Entered the Ecumenical Temple
  3380 | Temple   | Became a worshipper of Warmaster Okawaru
  3624 | D:4      | You fall through a shaft for 3 floors!
  3630 | D:7      | Slain by an ogre

Vault maps used:
D:1:      dpeg_arrival_tiny_k
D:2:      ecumenical_altar_1
D:4:      first_bread, kennysheep_small_square
D:7:      kennysheep_seaside_town, nicolae_ossuary_entry_giza
Temple:   kilobyte_greek_temple

Skill      XL: |  1  2  3  4  5 |
---------------+----------------+-----
Long Blades    | 3 4 |  4.8
Fighting       | 4 5 |  5.5
Dodging        | |  3.0
Shields        | |  3.0

Action                   |  1- 3 |  4- 6 || total
-------------------------+-------+-------++-------
Melee: Long sword        |    61 |   114 ||   175
       Constrict         |    17 |    30 ||    47
       Tentacles         |    10 |    14 ||    24
  Use: Potion            |       |     2 ||     2
 Stab: Sleeping          |     5 |     5 ||    10
  Eat: Chunk             |       |     9 ||     9
Armor: Skin              |    11 |     4 ||    15
Dodge: Dodged            |    26 |    37 ||    63
Block: Shield            |    38 |    57 ||    95
       Rpst.: Long sword |     9 |    10 ||    19
